 Dungeon Crawl Stone Soup version 0.30.0-5-g1a98f26d00 (webtiles) character file.

Game seed: 2456498904834519121

180 monsoonserge the Sneak (level 5, -4/37 HPs)
             Began as a Gnoll Enchanter on May 10, 2023.
             Was an Initiate of Dithmenos.
             Slain by Duvessa
             ... wielding a +0 short sword
              (6 damage)
             ... on level 4 of the Dungeon.
             The game lasted 00:11:56 (3128 turns).

monsoonserge the Sneak (Gnoll Enchanter)            Turns: 3128, Time: 00:11:56

Health: -4/37      AC:  6    Str:  8    XL:     5   Next: 60%
Magic:  4/12       EV: 12    Int: 16    God:    Dithmenos [......]
Gold:   157        SH:  5    Dex: 12    Spells: 9/14 levels left

rFire   . . .        a - +1 dagger
rCold   . . .        (no shield)
rNeg    . . .        j - +0 leather armour
rPois   .            p - +0 helmet
rElec   .            z - +0 cloak
rCorr   .            (no gloves)
SInv    .            q - +0 pair of boots
Will    .....        g - amulet of reflection
Stlth   +++          (no ring)
HPRegen 0.26/turn    (no ring)
MPRegen 0.13/turn

%: reflection
@: no status effects
A: fangs 1, strong nose, distributed training
a: Renounce Religion


You were on level 4 of the Dungeon.
You worshipped Dithmenos.
Dithmenos was noncommittal.
You visited 1 branch of the dungeon, and saw 4 of its levels.

You collected 157 gold pieces.

Inventory:

Hand Weapons
 a - a +1 dagger (weapon)
 t - a +2 vampiric spear
 y - a +3 quarterstaff of chaos
Missiles
 d - 43 stones
 m - 4 boomerangs (quivered)
 s - 6 javelins
 u - 3 poisoned darts
Armour
 h - a +0 ring mail
 j - a +0 leather armour (worn)
 p - a +0 helmet (worn)
 q - a +0 pair of boots (worn)
 z - a +0 cloak (worn)
Magical Staves
 i - a staff of death
Jewellery
 g - an amulet of reflection (around neck)
Scrolls
 f - 5 scrolls of identify {unknown}
 k - a scroll of acquirement {unknown}
 l - a scroll of magic mapping {unknown}
 n - a scroll of enchant armour {unknown}
 o - 3 scrolls of teleportation {unknown}
 v - a scroll of blinking {unknown}
 w - a scroll of fear {unknown}
 x - a scroll of noise {unknown}
Potions
 b - 2 potions of lignification {unknown}
 c - 2 potions of invisibility
 e - a potion of resistance {unknown}
 r - a potion of mutation {unknown}


   Skills:
 + Level 1.6 Fighting
 + Level 3.0 Short Blades
 + Level 1.6 Long Blades
 + Level 1.6 Axes
 + Level 1.6 Maces & Flails
 + Level 1.6 Polearms
 + Level 1.6 Staves
 + Level 1.6 Ranged Weapons
 + Level 1.6 Throwing
 + Level 1.6 Armour
 + Level 4.8 Dodging
 + Level 6.2 Stealth
 + Level 1.6 Shields
 + Level 1.6 Unarmed Combat
 + Level 5.2 Spellcasting
 + Level 1.3 Conjurations
 + Level 5.6 Hexes
 + Level 1.3 Summonings
 + Level 1.3 Necromancy
 + Level 1.3 Translocations
 + Level 1.3 Transmutations
 + Level 1.3 Fire Magic
 + Level 1.3 Ice Magic
 + Level 1.3 Air Magic
 + Level 1.3 Earth Magic
 + Level 1.3 Poison Magic
 + Level 1.8 Invocations
 + Level 1.6 Evocations


You had 9 spell levels left.
You knew the following spells:

 Your Spells              Type           Power      Damage    Failure   Level
a - Ensorcelled Hibernat  Hex/Ice        30%        N/A       8%          2
b - Confusing Touch       Hex            22%        N/A       6%          3

Your spell library contained the following spells:

 Spells                   Type           Power      Damage    Failure   Level
 Tukima's Dance           Hex            22%        N/A       6%          3
 Dazzling Flash           Conj/Hex       30%        N/A       16%         3
 Inner Flame              Hex/Fire       15%        N/A       16%         3
 Portal Projectile        Hex/Tloc       30%        N/A       16%         3
 Scorch                   Fire           16%        2d6       19%         2
 Flame Wave               Conj/Fire      8%         2d5       77%         4
 Sticky Flame             Conj/Fire      8%         2d3       77%         4
 Blade Hands              Tmut           4%         N/A       98%         5
 Summon Cactus Giant      Summ           4%         N/A       100%        6


Dungeon Overview and Level Annotations

Branches:
Dungeon (4/15)
 Temple: D:4-7

Altars:
Ashenzari
Cheibriados
Dithmenos
Trog
Xom
Zin

Shops:
D:4 [

Annotations:
D:4 Dowan, Duvessa


Innate Abilities, Weirdness & Mutations

You have very sharp teeth.
Your uncanny sense of smell can sniff out nearby items.
Your experience applies equally to all skills.


Message History

Aiming: Ensorcelled Hibernation (safe; 8% risk of failure)
Press: ? - help, Shift-Dir - straight line, f/p - Duvessa
Aim: Duvessa, wielding a +0 short sword and wearing a +0 ring mail (chance to affect: 31%) Duvessa looks drowsy...
A scorpion comes into view.
The helpless Duvessa fails to defend herself.
You impale Duvessa!!
Duvessa is severely wounded.
You block Duvessa's attack. You block Dowan's attack.
Dowan hits Duvessa with a +2 antimagic dagger!
Duvessa attacks as you move away! Duvessa hits you with a +0 short sword.
Press: ? - help, v - describe, . - travel
Here: Duvessa, wielding a +0 short sword and wearing a +0 ring mail (almost dead)
The floor.
You hit Duvessa but do no damage. You bite Duvessa, but do no damage.
Duvessa is almost dead.
Duvessa hits you with a +0 short sword.
You hit Duvessa but do no damage.
Duvessa is almost dead.
Duvessa hits you but does no damage.
Dowan hits the scorpion with a +2 antimagic dagger!
You hit Duvessa but do no damage.
Duvessa is almost dead.
Duvessa hits you with a +0 short sword!
* * * LOW HITPOINT WARNING * * *
Your magical contamination has completely faded away.
You closely miss Duvessa.
Duvessa is almost dead.
You hit Duvessa but do no damage.
Duvessa is almost dead.
Duvessa closely misses you.
You hit Duvessa.
Duvessa is almost dead.
Duvessa hits you with a +0 short sword!
* * * LOW HITPOINT WARNING * * *
Dowan barely misses the scorpion.
You hit Duvessa but do no damage.
Duvessa is almost dead.
Duvessa hits you with a +0 short sword.
You die...

####..# # # .....#
.# ###.##...####.# #
#.............#.#
#...._<#...... ∆
####.#.#.##.#
#.#......#
#.#.#.#..# #
#@#.#.#..#.###
##.####e#.#.#.......
.......s............
##....e......#......
....###.#.#..# #.###
$.. #.#.#..# # ..
#......# . #......#
∆ #......#


You could see Duvessa, Dowan (confused) and a scorpion.

Vanquished Creatures
  Crazy Yiuf (D:3)
  Natasha (twice) (D:2)
  3 adders
  3 dart slugs
  2 orcs
  9 endoplasms
  3 giant cockroaches
  7 goblins
  5 hobgoblins
  4 kobolds
  4 quokkas
  7 ball pythons
  3 bats
  6 frilled lizards
  8 rats
67 creatures vanquished.

Vanquished Creatures (others)
  A kobold (D:3)
1 creature vanquished.

Grand Total: 68 creatures vanquished

Notes
Turn   | Place    | Note
-------+----------+-------------------------------------------
     0 | D:1      | monsoonserge the Gnoll Enchanter began the quest for the
                  | Orb.
     0 | D:1      | Reached XP level 1. HP: 13/13 MP: 6/6
   192 | D:1      | Found a faded altar of an unknown god.
   204 | D:1      | Reached XP level 2. HP: 18/19 MP: 7/7
   220 | D:1      | Learned a level 2 spell: Ensorcelled Hibernation
   693 | D:1      | Reached skill level 5 in Spellcasting
   693 | D:1      | Reached XP level 3. HP: 25/25 MP: 7/9
   998 | D:2      | Reached skill level 6 in Stealth
  1020 | D:2      | Reached skill level 1 in Invocations
  1086 | D:2      | Noticed Natasha
  1094 | D:2      | Killed Natasha
  1095 | D:2      | Reached skill level 1 in Fighting
  1095 | D:2      | Reached skill level 1 in Long Blades
  1095 | D:2      | Reached skill level 1 in Axes
  1095 | D:2      | Reached skill level 1 in Maces & Flails
  1095 | D:2      | Reached skill level 1 in Polearms
  1095 | D:2      | Reached skill level 1 in Staves
  1095 | D:2      | Reached skill level 1 in Ranged Weapons
  1095 | D:2      | Reached skill level 1 in Throwing
  1095 | D:2      | Reached skill level 1 in Armour
  1095 | D:2      | Reached skill level 1 in Shields
  1095 | D:2      | Reached skill level 1 in Unarmed Combat
  1095 | D:2      | Reached skill level 1 in Evocations
  1095 | D:2      | Reached XP level 4. HP: 25/32 MP: 3/11
  1378 | D:2      | Learned a level 3 spell: Confusing Touch
  1388 | D:2      | Noticed Natasha
  1408 | D:2      | Killed Natasha
  1409 | D:2      | Reached skill level 1 in Conjurations
  1409 | D:2      | Reached skill level 1 in Summonings
  1409 | D:2      | Reached skill level 1 in Necromancy
  1409 | D:2      | Reached skill level 1 in Translocations
  1409 | D:2      | Reached skill level 1 in Transmutations
  1409 | D:2      | Reached skill level 1 in Fire Magic
  1409 | D:2      | Reached skill level 1 in Ice Magic
  1409 | D:2      | Reached skill level 1 in Air Magic
  1409 | D:2      | Reached skill level 1 in Earth Magic
  1409 | D:2      | Reached skill level 1 in Poison Magic
  2013 | D:3      | Reached XP level 5. HP: 37/37 MP: 9/12
  2071 | D:3      | Found a sacrificial altar of Ru.
  2073 | D:3      | Found a shimmering altar of Xom.
  2073 | D:3      | Found a snail-covered altar of Cheibriados.
  2077 | D:3      | Found a glowing silver altar of Zin.
  2077 | D:3      | Found a broken altar of Ashenzari.
  2077 | D:3      | Found a bloodstained altar of Trog.
  2316 | D:3      | Found a shadowy altar of Dithmenos.
  2321 | D:3      | Became a worshipper of Dithmenos the Shadowed
  2755 | D:3      | Found a runed translucent door.
  2756 | D:3      | Noticed Crazy Yiuf
  2816 | D:3      | Killed Crazy Yiuf
  2855 | D:4      | Found Fanwez's Antique Armour Emporium.
  3098 | D:4      | Found a bloodstained altar of Trog.
  3105 | D:4      | Noticed Dowan
  3109 | D:4      | Noticed Duvessa
  3128 | D:4      | Slain by Duvessa

Illustrated notes

Levels and vault maps discovered:
D:1:      moated_graveyard_arrival, layout_basic, nicolae_ecumenical_lake_church
D:2:      layout_basic, uniq_natasha
D:3:      minmay_skewed_foursquare, layout_loops_ring,
          mainiacjoe_overflow_alcove_1, doesnt_xom_only_xom,
          dreamdust_mushroom_princess, kennysheep_decorative_pillar,
          minmay_diced_spiral, uniq_crazy_yiuf_cottage
D:4:      layout_basic, overflow_temple_1_default, serial_shops, shop,
          uniq_duvessa

Skill      XL: |  1  2  3  4  5 |
---------------+----------------+-----
Spellcasting   | 5 |  5.2
Stealth        | 6 |  6.2
Invocations    | 1 |  1.8
Fighting       | 1 |  1.6
Long Blades    | 1 |  1.6
Axes           | 1 |  1.6
Maces & Flails | 1 |  1.6
Polearms       | 1 |  1.6
Staves         | 1 |  1.6
Ranged Weapons | 1 |  1.6
Throwing       | 1 |  1.6
Armour         | 1 |  1.6
Shields        | 1 |  1.6
Unarmed Combat | 1 |  1.6
Evocations     | 1 |  1.6
Conjurations   | 1 |  1.3
Summonings     | 1 |  1.3
Necromancy     | 1 |  1.3
Translocations | 1 |  1.3
Transmutations | 1 |  1.3
Fire Magic     | 1 |  1.3
Ice Magic      | 1 |  1.3
Air Magic      | 1 |  1.3
Earth Magic    | 1 |  1.3
Poison Magic   | 1 |  1.3
Short Blades   | 3 |  3.0
Dodging        | |  4.8
Hexes          | |  5.6

Action                     |  1- 3 |  4- 6 || total
---------------------------+-------+-------++-------
  Melee: Dagger            |    49 |   123 ||   172
         Bite              |     4 |    14 ||    18
         Punch             |     1 |     2 ||     3
   Cast: Ensorcelled Hiber |     8 |    26 ||    34
         Confusing Touch   |       |     2 ||     2
   Stab: Sleeping          |    17 |    27 ||    44
 Armour: Robe              |     1 |       ||     1
         Leather armour    |     4 |    18 ||    22
  Dodge: Dodged            |    15 |    47 ||    62
  Block: Other             |     4 |    28 ||    32
         Reflection        |       |     3 ||     3
